 Dungeon Crawl Stone Soup version 0.23-a0-577-g2b1de944cd (webtiles) character file.

423 LordofOblivion the Ruffian (level 6, -2/61 HPs)
             Began as a Troll Fighter on Dec 15, 2018.
             Was an Initiate of Trog.
             Shot with an arrow by a centaur (13 damage)
             ... on level 4 of the Dungeon.
             The game lasted 00:21:36 (3744 turns).

LordofOblivion the Ruffian (Troll Fighter)          Turns: 3744, Time: 00:21:36

Health: -2/61      AC:  5    Str: 27    XL:     6   Next: 63%
Magic:  5/5        EV: 14    Int:  4    God:    Trog [......]
Gold:   170        SH:  0    Dex:  9    Spells: 5/5 levels left

rFire    + + .     SeeInvis .     - Unarmed
rCold    + . .     Gourm    +   (no shield)
rNeg     . . .     Faith    .   b - +0 robe
rPois    .         Spirit   .   (helmet restricted)
rElec    .         Reflect  .   o - scarf {rC+ rF+}
rCorr    .         Harm     .   (gloves unavailable)
MR       .....                  (boots unavailable)
Stlth    +.........             (no amulet)
HPRegen  0.60/turn              k - ring of protection from fire
MPRegen  0.09/turn              p - +3 ring of evasion

@: no status effects
A: large, unfitting armour, claws 3, fast metabolism 3, gourmand, regeneration
1, shaggy fur 1, tough skin 2
a: Renounce Religion


You were on level 4 of the Dungeon.
You worshipped Trog.
Trog was noncommittal.
You were not hungry.

You visited 1 branch of the dungeon, and saw 4 of its levels.

You collected 170 gold pieces.

Inventory:

Armour
 b - a +0 robe (worn)
 o - a scarf of resistance (worn)
Jewellery
 k - a ring of protection from fire (left claw)
 p - a +3 ring of evasion (right claw)
Wands
 n - a wand of acid (5)
Scrolls
 a - 4 scrolls of remove curse
 c - a scroll of blinking {unknown}
 e - 2 scrolls of teleportation {unknown}
 i - 2 scrolls of enchant weapon {unknown}
 j - a scroll of identify {unknown}
 m - a scroll of noise {unknown}
Potions
 d - 3 potions of might
 g - 2 potions of heal wounds {unknown}
 h - 2 potions of brilliance {unknown}
Comestibles
 f - 5 rations


   Skills:
 + Level 3.1 Fighting
   Level 1.9 Maces & Flails
 + Level 3.7 Dodging
   Level 2.5 Shields
 * Level 5.1 Unarmed Combat


You had 5 spell levels left.
You didn't know any spells.
Your spell library was empty.

Dungeon Overview and Level Annotations

Branches:
Dungeon (4/15)
 Temple: D:4-7

Altars:
Hepliaklqana
Kikubaaqudgha
Qazlal
Ru
Trog
Yredelemnul


Innate Abilities, Weirdness & Mutations

You are too large for most types of armour.
You have claws for hands.
Your metabolism is lightning-fast.
You like to eat raw meat.
Your natural rate of healing is unusually fast.
You are covered in fur. (AC +1)
You have very tough skin. (AC +2)


Message History

Found 15 sling bullets.
There is an open door here.
The centaur shoots an arrow.
The arrow barely misses you.
A centaur is nearby!
The centaur shoots an arrow.
The arrow hits you!
The centaur shoots an arrow.
The arrow hits you.
The centaur shoots an arrow.
The arrow hits you!
You see here an arrow.
The centaur shoots an arrow.
The arrow hits you.
You see here an arrow.
The centaur shoots an arrow.
The arrow hits you.
* * * LOW HITPOINT WARNING * * *
The centaur shoots an arrow.
The arrow barely misses you.
You see here an arrow.
The centaur shoots an arrow.
The arrow hits you!
* * * LOW HITPOINT WARNING * * *
You see here an arrow.
You open the door.
The centaur shoots an arrow.
The arrow closely misses you.
The centaur shoots an arrow.
The arrow hits you!
You die...

#### ._.# # ### ..# #
... .c. # #.# #.# #
#.# #.# # ##@## #(# #
##(.(## #.## #
##.(..c## #..# #
#....((.## ##((# #
#.......((####(..#####
+.........'...........
#......(..####...#####
##......(###.........#
##.....## #.##...##.#


You could see a centaur.

Vanquished Creatures
  Menkaure (D:4)
  A scorpion (D:4)
  An orc wizard (D:3)
  An orc priest (D:3)
  A worker ant (D:4)
  3 gnolls (D:2)
  7 adders
  An ooze (D:3)
  A worm (D:3)
  A dart slug (D:1)
  3 leopard geckos
  3 orcs (D:3)
  A bat zombie (D:2)
  3 giant cockroaches
  12 goblins
  8 hobgoblins
  13 jackals
  7 kobolds
  A quokka (D:3)
  A ball python (D:3)
  7 bats
  2 frilled lizards (D:2)
  3 rats
  2 rat zombies (D:2)
84 creatures vanquished.

Notes
Turn   | Place    | Note
-------+----------+-------------------------------------------
     0 | D:1      | LordofOblivion the Troll Fighter began the quest for the
                  | Orb.
     0 | D:1      | Reached XP level 1. HP: 22/22 MP: 0/0
   118 | D:1      | Reached XP level 2. HP: 25/29 MP: 1/1
   988 | D:2      | Reached XP level 3. HP: 31/36 MP: 2/2
  1097 | D:2      | Reached skill level 1 in Unarmed Combat
  1144 | D:2      | Reached XP level 4. HP: 19/45 MP: 3/3
  1230 | D:2      | Reached skill level 2 in Unarmed Combat
  1788 | D:2      | Reached XP level 5. HP: 53/53 MP: 4/4
  1794 | D:2      | Found an ancient bone altar of Kikubaaqudgha.
  2077 | D:3      | Found a sacrificial altar of Ru.
  2119 | D:3      | Reached skill level 3 in Unarmed Combat
  2364 | D:3      | Found a stormy altar of Qazlal.
  2405 | D:3      | Found a hazy altar of Hepliaklqana.
  2503 | D:3      | Reached skill level 4 in Unarmed Combat
  3064 | D:4      | Reached XP level 6. HP: 59/61 MP: 5/5
  3118 | D:4      | Noticed Menkaure
  3212 | D:4      | Found a bloodstained altar of Trog.
  3223 | D:4      | Became a worshipper of Trog the Wrathful
  3650 | D:4      | Killed Menkaure
  3650 | D:4      | Reached skill level 5 in Unarmed Combat
  3721 | D:4      | Found a basalt altar of Yredelemnul.
  3744 | D:4      | Shot with an arrow by a centaur

Vault maps used:
D:1:      saegor_arrival_simple_b, minmay_misc_feat_plants,
          minmay_misc_feat_alley, minmay_misc_feat_pillars
D:2:      kennysheep_the_goblin_king, lemuel_zombie_altar_kikubaaqudgha
D:3:      nicolae_overflow_crystal_walls, lemuel_coloured_pillars_altar,
          grunt_qazlal_sundering, nicolae_overflow_hidden_temple, first_ration
D:4:      overflow_temple_1_default, trog_book, uniq_menkaure

Skill      XL: |  1  2  3  4  5  6 |
---------------+-------------------+-----
Unarmed Combat | 1 2 4 5 |  5.1
Dodging        | 3 |  3.7
Fighting       | 3 |  3.1
Maces & Flails | |  1.9
Shields        | |  2.5

Action                   |  1- 3 |  4- 6 || total
-------------------------+-------+-------++-------
Melee: Flail             |    21 |       ||    21
       Unarmed           |    75 |   189 ||   264
       Punch             |       |     1 ||     1
  Use: Scroll            |       |     1 ||     1
 Stab: Sleeping          |       |     1 ||     1
  Eat: Chunk             |     8 |    20 ||    28
       Ration            |     1 |       ||     1
Armor: Robe              |    55 |    67 ||   122
Dodge: Dodged            |    39 |   108 ||   147
Block: Shield            |    23 |       ||    23

Table legend:
 A = Non-vault XP
 B = Vault XP
 C = Vault XP percentage of total XP
 D = Non-vault monster count
 E = Vault monster count
 F = Vault count percentage of total count
                 A         B        C        D         E       F
            +---------+---------+-------+---------+---------+-------
      Total |     435 |     170 |  28.1 |      73 |      11 |  13.1
            +---------+---------+-------+---------+---------+-------
        D:1 |      31 |       0 |   0.0 |      15 |       0 |   0.0
        D:2 |     150 |      16 |   9.6 |      32 |      10 |  23.8
        D:3 |     151 |       0 |   0.0 |      24 |       0 |   0.0
        D:4 |     103 |     154 |  59.9 |       2 |       1 |  33.3
            +---------+---------+-------+---------+---------+-------
